 Dungeon Sprint DCSS version 0.31-a0-654-gbe3e110b4e (webtiles) character file.

Game seed: 15447251325697138426

7700000 Midn8 the Axe Maniac (level 27, -41/228 HPs)
             Began as a Djinni Warper on Aug 29, 2023.
             Was the Champion of Makhleb.
             Annihilated by a destroyer
             ... wielding a +9 heavy great sword
              (114 damage)
             ... in the Dungeon (Sprint VIII: "Arena of Blood").
             The game lasted 00:03:41 (77 turns).

Midn8 the Axe Maniac (Djinni Warper)                  Turns: 77, Time: 00:03:42

Health: -41/228    AC:  6    Str: 10    XL:     27
Gold:   0          EV: 29    Int: 24    God:    Makhleb [******] SH:  0 Dex: 18

rFire   + + .        i - +∞ Axe of Woe
rCold   x . .        (shield currently unavailable)
rNeg    . . .        b - +0 leather armour
rPois   ∞            (no helmet)
rElec   .            (no cloak)
rCorr   .            (no gloves)
SInv    .            (boots unavailable)
Will    ++...        (no amulet)
Stlth   +++++++++    (no ring)
HPRegen 0.58/turn    (no ring)
MPRegen 0.00/turn

%: no teleportation, infuse magic (-42 HP)
@: flying, slowed, very slow
A: sickness immunity, fire resistance 2, cold vulnerability 1, float, innate
caster, HP casting, extra vitality 1
a: Renounce Religion, Minor Destruction, Lesser Servant of Makhleb, Major
Destruction, Greater Servant of Makhleb


You were in the Dungeon.
You worshipped Makhleb.
Makhleb was exalted by your worship.
You visited 1 branch

Inventory:

Hand Weapons
 a - a +0 hand axe
 i - the +∞ Axe of Woe (weapon)
   (You found it in the Dungeon)
Missiles
 d - 7 darts of dispersal
Armour
 b - a +0 leather armour (worn)
Scrolls
 c - 2 scrolls of blinking
Potions
 e - a potion of curing
 f - a potion of heal wounds
 g - a potion of haste
 h - a potion of berserk rage


   Skills:
 O Level 27 Fighting
 O Level 27 Short Blades
 O Level 27 Long Blades
 O Level 27 Axes
 O Level 27 Maces & Flails
 O Level 27 Polearms
 O Level 27 Staves
 O Level 27 Ranged Weapons
 O Level 27 Throwing
 O Level 27 Armour
 O Level 27 Dodging
 O Level 27 Stealth
 O Level 27 Shields
 O Level 27 Unarmed Combat
 O Level 27 Spellcasting
 O Level 27 Conjurations
 O Level 27 Hexes
   Level 0.0 Charms
 O Level 27 Summonings
 O Level 27 Necromancy
 O Level 27 Translocations
 O Level 27 Transmutations
 O Level 27 Fire Magic
 O Level 27 Ice Magic
 O Level 27 Air Magic
 O Level 27 Earth Magic
 O Level 27 Poison Magic
 O Level 27 Invocations
 O Level 27 Evocations
 O Level 27 Shapeshifting


You knew the following spells:

 Your Spells              Type           Power      Damage    Failure   Level
a - Blink                 Tloc           100%       N/A       0%          2
b - Lesser Beckoning      Tloc           100%       N/A       0%          2
c - Teleport Other        Tloc           100%       N/A       0%          3
d - Manifold Assault      Tloc           100%       N/A       0%          4
e - Vhi's Electric Charg  Tloc/Air       100%       N/A       0%          4
f - Magic Dart            Conj           100%       1d8       0%          1
g - Poisonous Vapours     Pois/Air       100%       N/A       0%          2
h - Vampiric Draining     Necr           100%       2d13      0%          3
i - Passage of Golubria   Tloc           100%       N/A       0%          4
j - Iskenderun's Mystic   Conj/Tloc      100%       2d19      0%          4
k - Freezing Cloud        Conj/Ice/Air   52%        6-21      0%          5
l - Starburst             Conj/Fire      52%        6d14      0%          6
m - Plasma Beam           Fire/Air       52%        2x1d67    0%          6
n - Summon Cactus Giant   Summ           52%        N/A       0%          6
o - Summon Horrible Thin  Summ           52%        N/A       1%          8
p - Spellforged Servitor  Conj/Summ      52%        N/A       0%          7
q - Borgnjor's Revivific  Necr           52%        N/A       1%          8
r - Polar Vortex          Ice            52%        12d6*     1%          9
Your spell library was empty.

Dungeon Overview and Level Annotations

Branches:
Dungeon (1/1)

Altars:
Makhleb


Innate Abilities, Weirdness & Mutations

You are immune to sickness and miasma.
You are immune to poison.
Your flesh is very heat resistant. (rF++)
You are vulnerable to cold. (rC-)
You float through the air rather than walking.
You learn spells naturally, not from books.
Your magical power is your life essence.
You have superior vitality. (+4 MHP)


Message History

The destroyer blinks!
A dread comes into view.
The accursed points at you and mumbles some strange words.
Something smites you!
A meat berserker comes into view. It is wielding a +9 battleaxe.
A large bag of meat comes into view. It is wielding a +9 giant spiked club.
The meat beast moves out of view.
Unknown command.
Unknown command.
You slice the meat berserker!!
You butcher the meat berserker messily.
You kill the meat berserker!
Makhleb accepts your kill.
You feel better.
You hit the bag of meat.
You pulverise the bag of meat into a thin bloody mist.
You kill the bag of meat!
Makhleb accepts your kill.
You slash the large abomination!
You fatally mangle the large abomination.
You destroy the large abomination!
The large abomination disappears in a puff of smoke!
The destroyer points at you and mumbles some strange words.
The destroyer blinks!
A large bag of meat comes into view. It is wielding a +9 giant spiked club.
The dread calls on the powers of darkness!
The bag of meat convulses! x2; The large bag of meat convulses!
Flame seeps out of the large bag of meat.
Your body is wracked with pain!
The bag of meat convulses!
The destroyer gestures at you while chanting.
The destroyer blinks!
A bag of meat comes into view. It is wielding a +9 war axe.
The accursed casts a spell at you. Something smites you!
The accursed points at you and mumbles some strange words.
Something smites you!
The tyrant waves its bony arms in wide circles.
The air twists around and strikes you!!
An accursed comes into view.
The destroyer hits you with a +9 heavy great sword!!!!
Ouch! That really hurt!
You die...

)O))..M .o).. ..
#OM.. .# V) #o)z
.o# o§)###.OO
.)###.
.)o.z.ML###L)X)).
#o)OV)ooV_{o)M))
#@§oXV# #O)<§_#
#)o..)#
#.....)M._.)....
.....).)###......
...###.). ).###.
.. #.o. ..# #)W..
)# .)§§. ..


You could see 5 accurseds, 2 tyrants, 3 destroyers, 2 sculptors of flesh, 3
large bags of meat, 2 large abominations, a dread, 3 meat berserkers and 11 bags
of meat.

Vanquished Creatures
  Sigmund (D)
  5 hell beasts (D)
  5 royal mummies (D)
  16 vampire knights (D)
  30 ogres (D)
  2 two-headed ogres (D)
  4 liches (D)
  2 hydras (D)
  96 orcs (D)
  8 skeletal warriors (D)
169 creatures vanquished.

Notes
Turn   | Place    | Note
-------+----------+-------------------------------------------
     0 | D        | Found the +∞ Axe of Woe
     0 | D        | Midn8 the Djinni Warper began the quest for the Orb.
     0 | D        | Midn8 set off with the following spells memorised: Blink,
                  | Lesser Beckoning, Teleport Other, Manifold Assault, Vhi's
                  | Electric Charge.
     0 | D        | Reached XP level 1. HP: 18/18 MP: 0/0
     0 | D        | Noticed a meat berserker
     1 | D        | Noticed a meat berserker
     3 | D        | Became a worshipper of Makhleb the Destroyer
     3 | D        | Noticed a bag of meat
     5 | D        | Noticed a bag of meat
     6 | D        | Killed a meat berserker
     6 | D        | Noticed a bag of meat
     6 | D        | Noticed a bag of meat
     7 | D        | Reached XP level 2. HP: 23/23 MP: 0/0
     7 | D        | Reached XP level 3. HP: 28/28 MP: 0/0
     7 | D        | Learned a level 1 spell: Magic Dart
     7 | D        | Reached XP level 4. HP: 33/33 MP: 0/0
     7 | D        | Reached XP level 5. HP: 38/38 MP: 0/0
     7 | D        | Learned a level 2 spell: Poisonous Vapours
     7 | D        | Reached XP level 6. HP: 43/43 MP: 0/0
     7 | D        | Reached XP level 7. HP: 49/49 MP: 0/0
     7 | D        | Learned a level 3 spell: Vampiric Draining
     7 | D        | Reached XP level 8. HP: 54/54 MP: 0/0
     7 | D        | Reached XP level 9. HP: 58/58 MP: 0/0
     7 | D        | Learned a level 4 spell: Passage of Golubria
     7 | D        | Reached XP level 10. HP: 64/64 MP: 0/0
     7 | D        | Reached XP level 11. HP: 68/68 MP: 0/0
     7 | D        | Learned a level 4 spell: Iskenderun's Mystic Blast
     7 | D        | Reached XP level 12. HP: 74/74 MP: 0/0
     7 | D        | Killed a meat berserker
     7 | D        | Reached * piety under Makhleb
     7 | D        | Noticed a bag of meat
     8 | D        | Reached skill level 27 in Axes
     8 | D        | Reached XP level 13. HP: 94/94 MP: 0/0
     8 | D        | Learned a level 5 spell: Freezing Cloud
     8 | D        | Noticed a meat berserker
     9 | D        | Killed a bag of meat
     9 | D        | Killed a bag of meat
     9 | D        | Noticed a meat berserker
     9 | D        | Noticed a meat berserker
    10 | D        | Reached XP level 14. HP: 116/121 MP: 0/0
    10 | D        | Killed a meat berserker
    10 | D        | Reached ** piety under Makhleb
    10 | D        | Noticed a bag of meat
    11 | D        | Reached XP level 15. HP: 139/139 MP: 0/0
    11 | D        | Learned a level 6 spell: Starburst
    12 | D        | Noticed a meat berserker
    13 | D        | Reached skill level 27 in Fighting
    13 | D        | Killed a meat berserker
    13 | D        | Reached *** piety under Makhleb
    13 | D        | Killed a meat berserker
    14 | D        | Reached XP level 16. HP: 154/154 MP: 0/0
    14 | D        | Killed a meat berserker
    14 | D        | Reached **** piety under Makhleb
    15 | D        | Reached XP level 17. HP: 160/160 MP: 0/0
    15 | D        | Learned a level 6 spell: Plasma Beam
    17 | D        | Reached ***** piety under Makhleb
    19 | D        | Reached skill level 27 in Spellcasting
    19 | D        | Reached skill level 27 in Conjurations
    19 | D        | Reached skill level 27 in Hexes
    19 | D        | Reached skill level 27 in Summonings
    19 | D        | Reached skill level 27 in Necromancy
    19 | D        | Reached skill level 27 in Translocations
    19 | D        | Reached skill level 27 in Transmutations
    19 | D        | Reached skill level 27 in Fire Magic
    19 | D        | Reached skill level 27 in Ice Magic
    19 | D        | Reached skill level 27 in Air Magic
    19 | D        | Reached skill level 27 in Earth Magic
    19 | D        | Reached skill level 27 in Poison Magic
    19 | D        | Reached XP level 18. HP: 167/167 MP: 0/0
    19 | D        | Noticed a meat berserker
    20 | D        | Killed a meat berserker
    20 | D        | Reached ****** piety under Makhleb
    20 | D        | Noticed a destroyer
    21 | D        | Reached skill level 27 in Dodging
    21 | D        | Reached skill level 15 in Invocations
    21 | D        | Reached XP level 19. HP: 174/174 MP: 0/0
    21 | D        | Learned a level 6 spell: Summon Cactus Giant
    21 | D        | Killed a destroyer
    23 | D        | Reached skill level 27 in Invocations
    23 | D        | Reached skill level 1 in Short Blades
    23 | D        | Reached skill level 1 in Long Blades
    23 | D        | Reached skill level 1 in Staves
    23 | D        | Reached skill level 1 in Ranged Weapons
    23 | D        | Reached skill level 1 in Throwing
    23 | D        | Reached skill level 1 in Stealth
    23 | D        | Reached skill level 1 in Shields
    23 | D        | Reached skill level 1 in Unarmed Combat
    23 | D        | Reached skill level 1 in Evocations
    23 | D        | Reached skill level 1 in Shapeshifting
    23 | D        | Reached XP level 20. HP: 181/181 MP: 0/0
    23 | D        | Noticed a meat berserker
    24 | D        | Reached skill level 5 in Ranged Weapons
    24 | D        | Reached skill level 5 in Throwing
    24 | D        | Reached skill level 5 in Shapeshifting
    24 | D        | Killed a meat berserker
    25 | D        | Reached XP level 21. HP: 187/187 MP: 0/0
    25 | D        | Learned a level 8 spell: Summon Horrible Things
    25 | D        | Noticed a destroyer
    25 | D        | Killed a destroyer
    25 | D        | Noticed a destroyer
    26 | D        | Reached skill level 10 in Short Blades
    26 | D        | Reached skill level 10 in Long Blades
    26 | D        | Reached skill level 10 in Staves
    26 | D        | Reached skill level 10 in Armour
    26 | D        | Reached skill level 10 in Stealth
    26 | D        | Reached skill level 10 in Shields
    26 | D        | Reached skill level 10 in Unarmed Combat
    26 | D        | Reached skill level 10 in Evocations
    26 | D        | Killed a destroyer
    26 | D        | Noticed a meat berserker
    27 | D        | Reached skill level 10 in Ranged Weapons
    27 | D        | Reached skill level 10 in Shapeshifting
    27 | D        | Reached XP level 22. HP: 194/194 MP: 0/0
    27 | D        | Killed a meat berserker
    29 | D        | Noticed a meat berserker
    30 | D        | Reached skill level 15 in Armour
    30 | D        | Reached skill level 15 in Shields
    30 | D        | Reached skill level 15 in Unarmed Combat
    30 | D        | Reached skill level 15 in Evocations
    30 | D        | Killed a meat berserker
    30 | D        | Noticed a destroyer
    31 | D        | Reached XP level 23. HP: 201/201 MP: 0/0
    31 | D        | Learned a level 7 spell: Spellforged Servitor
    31 | D        | Killed a destroyer
    32 | D        | Reached skill level 15 in Short Blades
    32 | D        | Reached skill level 15 in Long Blades
    32 | D        | Reached skill level 15 in Staves
    32 | D        | Reached skill level 15 in Stealth
    34 | D        | Reached skill level 15 in Ranged Weapons
    34 | D        | Reached skill level 15 in Throwing
    34 | D        | Reached skill level 15 in Shapeshifting
    37 | D        | Noticed a destroyer
    37 | D        | Killed a destroyer
    37 | D        | Noticed a destroyer
    38 | D        | Reached XP level 24. HP: 208/208 MP: 0/0
    38 | D        | Killed a destroyer
    39 | D        | Reached XP level 25. HP: 214/214 MP: 0/0
    39 | D        | Learned a level 8 spell: Borgnjor's Revivification
    41 | D        | Noticed a destroyer
    41 | D        | Killed a destroyer
    42 | D        | Noticed a destroyer
    42 | D        | Killed a destroyer
    42 | D        | Noticed a large bag of meat
    43 | D        | Reached XP level 26. HP: 221/221 MP: 0/0
    43 | D        | Killed a large bag of meat
    44 | D        | Noticed a destroyer
    45 | D        | Reached XP level 27. HP: 228/228 MP: 0/0
    45 | D        | Learned a level 9 spell: Polar Vortex
    46 | D        | Killed a destroyer
    47 | D        | Noticed a destroyer
    47 | D        | Killed a destroyer
    48 | D        | Reached skill level 27 in Armour
    48 | D        | Reached skill level 27 in Shields
    48 | D        | Reached skill level 27 in Unarmed Combat
    48 | D        | Reached skill level 27 in Evocations
    49 | D        | Reached skill level 27 in Short Blades
    49 | D        | Reached skill level 27 in Long Blades
    49 | D        | Reached skill level 27 in Staves
    49 | D        | Reached skill level 27 in Stealth
    50 | D        | Noticed a destroyer
    50 | D        | Killed a destroyer
    51 | D        | Reached skill level 27 in Ranged Weapons
    51 | D        | Reached skill level 27 in Throwing
    51 | D        | Reached skill level 27 in Shapeshifting
    51 | D        | Noticed a large bag of meat
    52 | D        | Reached skill level 15 in Maces & Flails
    52 | D        | Reached skill level 15 in Polearms
    52 | D        | Noticed a destroyer
    53 | D        | Noticed a destroyer
    53 | D        | Killed a destroyer
    53 | D        | Killed a destroyer
    54 | D        | Killed a large bag of meat
    55 | D        | Noticed an accursed
    56 | D        | Reached skill level 27 in Maces & Flails
    56 | D        | Reached skill level 27 in Polearms
    56 | D        | Killed an accursed
    59 | D        | Noticed an accursed
    60 | D        | Killed an accursed
    61 | D        | Noticed a destroyer
    61 | D        | Killed a destroyer
    61 | D        | Noticed a tyrant
    62 | D        | Noticed an accursed
    63 | D        | Noticed a tyrant
    64 | D        | Killed an accursed
    64 | D        | Noticed a meat beast
    64 | D        | Noticed an accursed
    65 | D        | Killed a meat beast
    65 | D        | Noticed an accursed
    66 | D        | Killed an accursed
    66 | D        | Noticed a tyrant
    67 | D        | Noticed a destroyer
    68 | D        | Noticed a tyrant
    68 | D        | Noticed The Captor
    69 | D        | Killed The Captor
    69 | D        | Noticed a destroyer
    70 | D        | Killed a tyrant
    70 | D        | Noticed a large bag of meat
    70 | D        | Noticed a meat beast
    71 | D        | Noticed a meat beast
    71 | D        | Killed a destroyer
    71 | D        | Noticed a meat beast
    71 | D        | Noticed a tyrant
    72 | D        | Killed a destroyer
    72 | D        | Noticed a meat beast
    72 | D        | Noticed an accursed
    72 | D        | Noticed an accursed
    73 | D        | Noticed a tyrant
    73 | D        | Noticed a destroyer
    73 | D        | Noticed a destroyer
    73 | D        | Killed a meat beast
    73 | D        | Killed a meat beast
    73 | D        | Killed a tyrant
    73 | D        | Killed a meat beast
    73 | D        | Noticed an accursed
    73 | D        | Noticed an accursed
    74 | D        | Killed a tyrant
    74 | D        | Noticed a tyrant
    75 | D        | Killed a meat beast
    75 | D        | Killed an accursed
    75 | D        | Noticed a destroyer
    76 | D        | Killed a tyrant
    76 | D        | Noticed a meat beast
    76 | D        | Noticed a dread
    76 | D        | Noticed a large bag of meat
    77 | D        | Noticed a large bag of meat
    77 | D        | Noticed an accursed
    77 | D        | Annihilated by a destroyer

Illustrated notes

Levels and vault maps discovered:
D:        meatsprint

Skill      XL: |  1  2  3  4  5  6  7  8  9 10 11 12 13 14 15 16 17 18 19 20 21 22 23 24 25 26 27 |
---------------+----------------------------------------------------------------------------------+-----
Axes           | 24 27 | 27.0
Fighting       | 9 18 23 27 | 27.0
Spellcasting   | 16 23 27 | 27.0
Conjurations   | 16 23 27 | 27.0
Hexes          | 16 23 27 | 27.0
Summonings     | 16 23 27 | 27.0
Necromancy     | 16 23 27 | 27.0
Translocations | 16 23 27 | 27.0
Transmutations | 16 23 27 | 27.0
Fire Magic     | 16 23 27 | 27.0
Ice Magic      | 16 23 27 | 27.0
Air Magic      | 16 23 27 | 27.0
Earth Magic    | 16 23 27 | 27.0
Poison Magic   | 16 23 27 | 27.0
Dodging        | 17 27 | 27.0
Invocations    | 15 27 | 27.0
Short Blades   | 1 7 11 14 18 20 22 24 27 | 27.0
Long Blades    | 1 7 11 14 18 20 22 24 27 | 27.0
Staves         | 1 7 11 14 18 20 22 24 27 | 27.0
Ranged Weapons | 1 6 10 13 17 18 20 22 27 | 27.0
Throwing       | 1 6 11 13 17 18 20 22 27 | 27.0
Armour         | 2 8 12 15 20 21 24 26 27 | 27.0
Stealth        | 1 7 11 14 18 20 22 24 27 | 27.0
Shields        | 1 8 12 15 20 21 24 25 27 | 27.0
Unarmed Combat | 1 8 12 15 20 21 24 25 27 | 27.0
Evocations     | 1 8 12 15 20 21 24 25 27 | 27.0
Shapeshifting  | 1 6 10 13 17 18 20 22 27 | 27.0
Maces & Flails | 27 | 27.0
Polearms       | 27 | 27.0

Action                     |  1- 3 |  4- 6 |  7- 9 | 10-12 | 13-15 | 16-18 | 19-21 | 22-24 | 25-27 || total
---------------------------+-------+-------+-------+-------+-------+-------+-------+-------+-------++-------
  Melee: Executioner's axe |     1 |       |       |     1 |     7 |    15 |    15 |    21 |    99 ||   159
   Cast: Manifold Assault  |       |       |       |       |     2 |     6 |     6 |    10 |    26 ||    50
         Summon Horrible T |       |       |       |       |       |       |       |     2 |     1 ||     3
         Spellforged Servi |       |       |       |       |       |       |       |       |     1 ||     1
   Stab: Distracted        |       |       |       |       |       |       |       |       |     1 ||     1
  Dodge: Dodged            |       |       |       |       |       |       |       |       |     1 ||     1

Table legend: (Time is in decaauts)
 A = Elapsed time spent in this place.
 B = Non-inter-level travel time spent in this place.
 C = Inter-level travel time spent in this place.
 D = Time resting spent in this place.
 E = Time spent auto-exploring this place.
 F = Levels seen in this place.
 G = Mean time per level.
                   A        B        C        D        E       F      G
               +--------+--------+--------+--------+--------+-----+--------+
         Total |     63 |     63 |      0 |      0 |      0 |   1 |   63.0 |
       Dungeon |     63 |     63 |      0 |      0 |      0 |   1 |   63.0 |
               +--------+--------+--------+--------+--------+-----+--------+

Top non-repeatable levels by time:
       D: 63 daAuts
